 Dungeon Crawl Stone Soup version 0.23-a0-644-gb60d84b (webtiles) character file.

240 Borgoz the Skirmisher (level 6, -4/52 HPs)
             Began as a Ghoul Gladiator on Jan 1, 2019.
             Killed from afar by an orc wizard (5 damage)
             ... with a magic dart
             ... on level 3 of the Dungeon.
             The game lasted 00:03:53 (1825 turns).

Borgoz the Skirmisher (Ghoul Gladiator)             Turns: 1825, Time: 00:03:53

Health: -4/52      AC:  4    Str: 18    XL:     6   Next: 8%
Magic:  5/5        EV: 13    Int:  3    God:
Gold:   144        SH:  0    Dex: 12    Spells: 5/5 levels left

rFire    + . .     SeeInvis .   a - +0 war axe
rCold    + . .     Gourm    .   (no shield)
rNeg     + + +     Faith    .   j - +0 leather armour {rF+}
rPois    ∞         Spirit   .   c - +0 helmet
rElec    .         Reflect  .   (no cloak)
rCorr    .         Harm     .   (no gloves)
MR       .....                  (no boots)
Stlth    +.........             (no amulet)
HPRegen  0.00/turn              (no ring)
MPRegen  0.09/turn              (no ring)

@: rotting, hasted, very quick
A: rotting body, claws 1, carnivore, cold resistance 1, negative energy
resistance 3, inhibited regeneration, torment resistance, unbreathing
a: no special abilities


You were on level 3 of the Dungeon.
You were not hungry.

You visited 1 branch of the dungeon, and saw 3 of its levels.

You collected 144 gold pieces.

Inventory:

Hand Weapons
 a - a +0 war axe (weapon)
Missiles
 d - 3 throwing nets (quivered)
Armour
 c - a +0 helmet (worn)
 j - a +0 leather armour of fire resistance (worn)
Scrolls
 b - 2 scrolls of magic mapping {unknown}
 g - a scroll of teleportation {unknown}
 h - 3 scrolls of identify {unknown}
 i - a scroll of enchant weapon {unknown}
 l - a scroll of noise {unknown}
 m - 2 scrolls of fear {unknown}
 n - a scroll of immolation {unknown}
Potions
 o - a potion of agility {unknown}
 p - a potion of might {unknown}
Comestibles
 f - 4 rations
 k - 4 chunks of flesh


   Skills:
 + Level 3.8 Fighting
 + Level 3.7 Axes
 - Level 1.7 Throwing
 + Level 2.3 Armour
 + Level 3.8 Dodging


You had 5 spell levels left.
You didn't know any spells.
Your spell library was empty.

Dungeon Overview and Level Annotations

Branches:
Dungeon (3/15)

Altars:
Ashenzari


Innate Abilities, Weirdness & Mutations

Your body is rotting away.
You thrive on raw meat.
You are immune to poison.
You have sharp fingernails.
You are carnivorous and can eat meat at any time.
Your flesh is cold resistant. (rC+)
You are immune to negative energy. (rN+++)
You do not regenerate when monsters are visible.
You are immune to unholy pain and torment.
You can survive without breathing.


Message History

You miss something. You closely miss the orc. Something hits you.
The orc barely misses you.
You hear some strange, mumbled words.
A magic dart appears from out of thin air!
The magic dart hits you!
You hit the orc.
The orc is severely wounded.
You barely miss something. The orc hits you but does no damage.
Something hits you.
* * * LOW HITPOINT WARNING * * *
Unknown command.
It was a potion of haste.
You feel yourself speed up. The orc misses you.
You hear some strange, mumbled words.
Something tries to affect you, but you resist.
The orc priest mumbles some strange prayers to Beogh against you.
Beogh smites you!
* * * LOW HITPOINT WARNING * * *
A magic dart appears from out of thin air!
The magic dart hits you!
You die...

#.# #......##..#.# #
#####..... #.#
#.....l##..#.#.!#
#...#. #.#
###o.........# #...##
#.#### #...b..b###..#
#... #....#
#.#####.###..#
####.####.#####......#
#....÷.....##.###.##
##.####.##.##.###.#
### #.......@...#
#############


You could see a bat.

Vanquished Creatures
  2 orc priests
  2 orc wizards (D:3)
  6 adders
  3 worms (D:2)
  2 dart slugs
  2 leopard geckos
  10 orcs
  2 giant cockroaches
  7 goblins
  3 hobgoblins
  2 jackals (D:2)
  A ball python (D:3)
  6 bats
  A frilled lizard (D:3)
  2 kobolds (D:1)
  3 rats
54 creatures vanquished.

Notes
Turn   | Place    | Note
-------+----------+-------------------------------------------
     0 | D:1      | Borgoz the Ghoul Gladiator began the quest for the Orb.
     0 | D:1      | Reached XP level 1. HP: 17/17 MP: 0/0
   192 | D:1      | Reached XP level 2. HP: 25/25 MP: 1/1
   626 | D:2      | Reached XP level 3. HP: 30/30 MP: 2/2
   638 | D:2      | Reached skill level 1 in Armour
   648 | D:2      | Reached XP level 4. HP: 26/38 MP: 3/3
  1393 | D:2      | Found a shattered altar of Ashenzari.
  1480 | D:2      | Reached XP level 5. HP: 43/45 MP: 4/4
  1699 | D:3      | Reached XP level 6. HP: 36/52 MP: 5/5
  1819 | D:3      | HP: 1/52 [orc priest/divine providence (12)]
  1825 | D:3      | Killed from afar by an orc wizard

Vault maps used:
D:1:      minmay_arrival_glassed_features, due_unseen_surprise
D:2:      lemuel_round_altar
D:3:      serial_glass, glass_columns_c, glass_columns_a, glass_columns_b,
          glass_columns_b, glass_columns_b, glass_columns_a

Skill      XL: |  1  2  3  4  5 |
---------------+----------------+-----
Axes           | 3 |  3.7
Dodging        | 3 |  3.8
Armour         | 1 2 |  2.3
Fighting       | 3 |  3.8
Throwing       | |  1.7

Action                   |  1- 3 |  4- 6 || total
-------------------------+-------+-------++-------
Melee: War axe           |    40 |   154 ||   194
  Use: Potion            |       |     1 ||     1
  Eat: Chunk             |     3 |    25 ||    28
Armor: Leather armour    |    18 |    51 ||    69
Dodge: Dodged            |    37 |   172 ||   209

Table legend:
 A = Non-vault XP
 B = Vault XP
 C = Vault XP percentage of total XP
 D = Non-vault monster count
 E = Vault monster count
 F = Vault count percentage of total count
                 A         B        C        D         E       F
            +---------+---------+-------+---------+---------+-------
      Total |     343 |       0 |   0.0 |      54 |       0 |   0.0
            +---------+---------+-------+---------+---------+-------
        D:1 |      21 |       0 |   0.0 |      11 |       0 |   0.0
        D:2 |     145 |       0 |   0.0 |      25 |       0 |   0.0
        D:3 |     177 |       0 |   0.0 |      18 |       0 |   0.0
            +---------+---------+-------+---------+---------+-------
